 Dungeon Crawl Stone Soup version 0.19-a0 (webtiles) character file.

627 Duffy the Cleaver (level 7, -2/50 HPs)
             Began as a Formicid Warper on Apr 27, 2016.
             Slain by an ogre
             ... wielding a +0 giant club
              (11 damage)
             ... on level 5 of the Dungeon.
             The game lasted 00:07:27 (6506 turns).

Duffy the Cleaver (Formicid Warper)                 Turns: 6506, Time: 00:07:27

Health: -2/50      AC: 10    Str: 17    XL:     7   Next: 77%
Magic:  10/10      EV:  7    Int: 13    God:
Gold:   244        SH:  0    Dex: 10    Spells: 1 memorised, 9 levels left

rFire  . . .     SeeInvis +     a - +0 hand axe
rCold  . . .     Gourm    .     l - +0 chain mail
rNeg   . . .     Faith    .     (no shield)
rPois  .         Spirit   .     (helmet unavailable)
rElec  .         Dismiss  .     (no cloak)
rCorr  .         Reflect  .     k - +0 pair of gloves
SustAt .         Harm     +     i - +0 pair of boots
MR     .....                    u - amulet of harm
Stlth  ..........               (no ring)
                                (no ring)

@: not resistant to hostile enchantments, extremely unstealthy
A: permanent stasis, dig shafts and tunnels, four strong arms, antennae 3
a: Dig, Shaft Self


You were on level 5 of the Dungeon.
You were not hungry.

You visited 1 branch of the dungeon, and saw 5 of its levels.
You also visited: Sewer.

You collected 244 gold pieces.


Innate Abilities, Weirdness & Mutations

You are under a permanent stasis effect.
You can dig through walls and to a lower floor.
Your four strong arms can wield two-handed weapons with a shield.
You have a pair of large antennae on your head (SInv).


   Skills:
 - Level 2.1 Fighting
 + Level 8.1 Axes
 - Level 1.0 Throwing
 - Level 1.1 Armour
 - Level 1.7 Dodging
 - Level 2.1 Spellcasting
 - Level 2.6 Translocations


You had 9 spell levels left.
You knew the following spells:

 Your Spells              Type           Power        Failure   Level  Hunger
a - Apportation           Tloc           #.........   98%         1    ##.....

Inventory:

Hand Weapons
 a - a +0 hand axe (weapon)
 d - a +0 blowgun
Missiles
 e - 5 tomahawks of dispersal (quivered)
 p - 35 poisoned needles
 r - 5 javelins
Armour
 b - a +0 leather armour
 i - a +0 pair of boots (worn)
 k - a +0 pair of gloves (worn)
 l - a +0 chain mail (worn)
 y - a +0 plate armour
Jewellery
 u - an amulet of harm (around neck)
Wands
 B - a wand of enslavement (9/24)
Scrolls
 g - a scroll of random uselessness {unknown}
 h - a scroll of magic mapping {unknown}
 m - 3 scrolls of remove curse
 o - a scroll of amnesia {unknown}
 t - 2 scrolls of enchant weapon {unknown}
 C - a scroll of noise {unknown}
Potions
 n - 3 potions of brilliance
 v - a potion of heal wounds
 w - a potion of ambrosia
 x - 2 potions of might
 z - 2 potions of agility
 A - 5 potions of curing
Books
 c - a book of Spatial Translocations
 j - a book of Beasts
Comestibles
 f - 4 bread rations
 q - a meat ration
 E - 3 fruits

Dungeon Overview and Level Annotations

Branches:
Dungeon (5/15)
 Temple: D:4-7

Altars:
Dithmenos
Gozag
Makhleb
Qazlal
Zin


Message History

As you read the scroll of identify, it crumbles to dust.
w - a potion of ambrosia Read which item? (? for menu, Esc to quit)
Identify which item? (\ to view known items) (? for menu, Esc to quit)
As you read the scroll of identify, it crumbles to dust.
D - a potion of berserk rage Read which item? (? for menu, Esc to quit)
Identify which item? (\ to view known items) (? for menu, Esc to quit)
As you read the scroll of identify, it crumbles to dust.
F - a potion of mutation Drop what? 31/52 slots (_ for help) (? for menu, Esc to quit)
You drop a potion of berserk rage.
You drop a potion of mutation.
You open the door.
There is an open door here.
An ogre comes into view. It is wielding a giant club.
Found a spiked scale mail.
You hit the ogre.
The ogre is moderately wounded.
The ogre hits you with a giant club!
You hit the ogre.
The ogre is heavily wounded.
The ogre hits you with a giant club!
You are too injured to fight recklessly!
You are too injured to fight recklessly!
You are too injured to fight recklessly!
You are too injured to fight recklessly!
You are too injured to fight recklessly!
You are too injured to fight recklessly!
You are too injured to fight recklessly!
You are too injured to fight recklessly!
You are too injured to fight recklessly!
You are too injured to fight recklessly!
You are too injured to fight recklessly!
You are too injured to fight recklessly!
You are too injured to fight recklessly!
You are too injured to fight recklessly!
You are too injured to fight recklessly!
You are too injured to fight recklessly!
You are too injured to fight recklessly!
You are too injured to fight recklessly!
You closely miss the ogre.
The ogre is heavily wounded.
You hit the ogre.
The ogre is heavily wounded.
The ogre hits you with a giant club!
You hit the ogre.
The ogre is severely wounded.
The ogre hits you with a giant club!
You die...

#..............#
#[....#..............#
#.....#..............#
#.....#....##.########
#.....#....#####.#....
#.....#..........#....
#.....#..........#....
#...O.#!.........#<...
#....@#'#####'####....
#>....................
..'.....................
..#.....................
. #.....................
#.....................
#.....................
#......###########'#..
#......#...........#..


You could see an ogre.

Action                   |  1- 3 |  4- 6 |  7- 9 || total
-------------------------+-------+-------+-------++-------
Melee: Hand axe          |   146 |   259 |   139 ||   544
 Abil: Dig               |       |     1 |       ||     1
  Use: Scroll            |     1 |     3 |     6 ||    10
       Potion            |       |       |     1 ||     1
  Eat: Chunk             |     3 |    10 |     4 ||    17
       Royal jelly       |       |       |     1 ||     1
Armor: Leather armour    |    11 |       |       ||    11
       Chain mail        |    53 |   181 |    67 ||   301
Dodge: Dodged            |    58 |   132 |    43 ||   233

Notes
Turn   | Place    | Note
--------------------------------------------------------------
     0 | D:1      | Duffy the Formicid Warper began the quest for the Orb.
     0 | D:1      | Reached XP level 1. HP: 16/16 MP: 3/3
   537 | D:1      | Reached XP level 2. HP: 19/22 MP: 5/5
   780 | D:1      | Reached skill level 3 in Axes
  1327 | D:2      | Found an opulent altar of Gozag.
  1391 | D:2      | Reached XP level 3. HP: 27/27 MP: 6/6
  2066 | D:2      | Reached skill level 4 in Axes
  2066 | D:2      | Reached XP level 4. HP: 33/33 MP: 7/7
  2484 | D:3      | Found a stormy altar of Qazlal.
  2718 | D:3      | Found a glowing drain.
  2738 | D:3      | Reached XP level 5. HP: 31/38 MP: 8/8
  2748 | Sewer    | Entered a sewer
  3001 | Sewer    | Noticed a big kobold
  3001 | Sewer    | Reached skill level 5 in Axes
  3023 | Sewer    | Killed a big kobold
  3361 | Sewer    | Reached XP level 6. HP: 41/44 MP: 9/9
  3581 | Sewer    | Reached skill level 6 in Axes
  4163 | D:3      | Found a glowing silver altar of Zin.
  4918 | D:4      | Reached skill level 7 in Axes
  4918 | D:4      | Reached XP level 7. HP: 30/50 MP: 10/10
  5483 | D:5      | Entered Level 5 of the Dungeon
  5935 | D:5      | Found a burning altar of Makhleb.
  6035 | D:5      | Found a shadowy altar of Dithmenos.
  6080 | D:5      | Reached skill level 8 in Axes
  6506 | D:5      | Slain by an ogre

Skill      XL: |  1  2  3  4  5  6  7 |
---------------+----------------------+-----
Axes           | 3 4 5 7 8 |  8.1
Fighting       | |  2.1
Throwing       | |  1.0
Armour         | |  1.1
Dodging        | |  1.7
Spellcasting   | |  2.1
Translocations | |  2.6

Vault maps used:
D:1:      dpeg_arrival_castle, minmay_misc_feat_plants
D:2:      nicolae_gozag_seed_capital
D:3:      zin_statuary, lemuel_doored_altar, portal_sewer_entry_e
D:4:      first_bread
D:5:      nicolae_dithmenos_through_a_glass_darkly, makhleb_blood_cavern_becter
Sewer:    kennysheep_pipe_town

Vanquished Creatures
  An ice beast
  2 big kobolds
  A crimson imp
  2 giant frog skeletons
  A hound
  An iguana
  3 worker ants
  5 adders
  2 oozes
  An adder zombie
  5 worms
  A dart slug
  2 giant geckos
  3 orcs
  5 bats
  5 giant cockroaches
  7 hobgoblins
  8 jackals
  19 kobolds
  A quokka
  7 ball pythons
  A giant gecko skeleton
  A giant gecko zombie
  5 giant newts
  9 goblins
  A quokka skeleton
  11 rats
110 creatures vanquished.
